Map: Jagannatha LE

Players

SunRise

  • Race: Zerg Zerg
  • League: Master
  • Spawn Location: 7:00

MarcoMan - Winner!

  • Race: Protoss Protoss
  • League: Master
  • Spawn Location: 1:00

VOD

Have the link to the VOD?

Description

Time

  • Played on: Jan. 18, 2021, 9:38 p.m.
  • Length: 15:22
Show
View Real Time Build Order
Export as new Build Order

SunRise Zerg 

Build Orders: Hatch First 

Get SALT Encoding   

  12  0:00  Drone  
  13  0:12  Overlord  
  13  0:17  Drone  
  14  0:32  Drone x2  
  16  0:36  Drone  
  17  0:52  Hatchery  
  17  0:55  Drone  
  17  1:05  Drone  
  18  1:13  Spawning Pool  
  18  1:16  Drone, Extractor  
  17  1:21  Drone  
  18  1:34  Drone  
  19  1:44  Drone  
  20  2:01  Queen  
  22  2:07  Hatchery  
  21  2:11  Queen  
  23  2:17  Drone  
  23  2:21  Metabolic Boost  
  24  2:28  Drone x2  
  26  2:34  Overlord  
  26  2:42  Drone x2  
  28  2:53  Zergling x6  
  28  2:56  Zergling x2  
  32  2:58  Queen  
  32  3:05  Overlord  
  34  3:19  Overlord  
  34  3:22  Queen  
  34  3:23  Overlord  
  34  3:24  Drone x2  
  38  3:28  Drone  
  38  3:29  Drone  
  40  3:40  Extractor, Zergling x2  
  40  3:47  Zergling x2  
  40  3:48  Zergling x10  
  42  3:54  Zergling x4  
  43  4:02  Drone  
  43  4:03  Drone x2  
  43  4:08  Drone x2  
  45  4:14  Drone  
  45  4:15  Drone  
  45  4:17  Drone  
  48  4:22  Spore Crawler  
  47  4:29  Drone x3  
  47  4:30  Drone  
  51  4:33  Drone  
  51  4:34  Drone  
  51  4:36  Drone  
  53  4:41  Spore Crawler  
  53  4:45  Spore Crawler  
  51  4:58  Drone x4  
  51  4:59  Drone x2  
  55  5:02  Drone x3  
  55  5:03  Drone  
  55  5:04  Drone  
  60  5:18  Lair  
  60  5:23  Evolution Chamber  
  59  5:28  Drone x3  
  59  5:29  Overlord  
  59  5:31  Drone  
  59  5:32  Drone x3  
  66  5:35  Overlord  
  66  5:38  Overlord  
  66  5:39  Overlord  
  63  5:54  Overlord x2  
  63  5:55  Overlord  
  61  5:57  Zerg Missile Weapons Level 1  
  61  5:58  Drone x5  
  61  5:59  Drone x2, Extractor  
  61  6:00  Drone  
  61  6:01  Drone  
  61  6:03  Drone x2  
  61  6:04  Drone  
  69  6:10  Drone  
  69  6:15  Drone x2  
  71  6:19  Hydralisk Den, Extractor  
  69  6:26  Extractor  
  69  6:27  Drone x5  
  69  6:28  Drone x4  
  77  6:38  Overlord  
  77  6:39  Roach Warren  
  76  6:41  Extractor  
  76  6:45  Drone  
  76  6:46  Drone x2  
  78  6:50  Muscular Augments  
  78  6:51  Hatchery  
  77  7:02  Hydralisk x3  
  77  7:03  Hydralisk x3  
  77  7:08  Hydralisk  
  89  7:09  Spore Crawler  
  89  7:11  Hydralisk  
  89  7:14  Hydralisk  
  94  7:15  Overlord  
  94  7:16  Overlord  
  94  7:23  Zergling x12  
  94  7:24  Zergling x6  
  94  7:28  Hydralisk  
  101  7:39  Hydralisk x2  
  101  7:40  Hydralisk x2  
  101  7:42  Overlord  
  108  7:44  Zergling x4  
  108  7:45  Zergling x2  
  108  7:49  Baneling Nest  
  109  7:55  Extractor  
  109  7:57  Zerg Melee Weapons Level 1  
  108  7:59  Zergling x4  
  108  8:00  Evolution Chamber, Zergling x8  
  111  8:09  Hydralisk  
  111  8:15  Drone x2  
  111  8:16  Drone x6  
  117  8:20  Drone  
  117  8:21  Drone x3  
  117  8:22  Glial Reconstitution, Grooved Spines  
  117  8:24  Drone  
  122  8:27  Drone  
  123  8:38  Overlord  
  123  8:39  Drone x4  
  126  8:41  Drone  
  126  8:45  Extractor  
  126  8:46  Extractor  
  126  8:48  Extractor, Overlord  
  123  8:51  Zerg Missile Weapons Level 2  
  123  8:52  Overlord  
  123  8:53  Centrifical Hooks  
  123  8:54  Overlord  
  123  8:56  Overlord  
  123  9:03  Infestation Pit  
  121  9:11  Hatchery  
  121  9:16  Queen  
  122  9:20  Queen  
  122  9:21  Queen  
  122  9:23  Roach x2  
  122  9:24  Roach x9  
  140  9:25  Roach x3  
  140  9:30  Overlord  
  154  9:36  Roach x3  
  160  9:41  Roach  
  162  9:46  Roach x3  
  168  9:53  Roach x4  
  168  9:55  Overlord x2  
  168  9:56  Overlord x2  
  168  9:58  Hive  
  176  10:00  Overlord  
  176  10:01  Overlord  
  176  10:08  Overlord  
  176  10:16  Ravager x4  
  176  10:18  Baneling  
  176  10:19  Baneling x9  
  176  10:20  Baneling x2  
  180  10:21  Zergling x2  
  180  10:22  Zergling x14  
  180  10:23  Zergling x6  
  180  10:24  Zergling x2  
  180  10:25  Queen  
  180  10:26  Queen  
  180  10:27  Zergling x2  
  197  10:30  Zergling x6  
  200  10:42  Zerg Melee Weapons Level 2  
  200  10:46  Overlord  
  200  10:48  Lurker Den  
  198  10:51  Zergling x2  
  198  10:56  Zergling x2  
  199  10:59  Baneling x6  
  199  11:00  Baneling x10  
  199  11:01  Baneling  
  199  11:08  Zerg Ground Armor Level 1  
  199  11:09  Overseer  
  199  11:18  Adrenal Glands  
  198  11:26  Zergling x6  
  179  11:34  Zergling x4  
  168  11:44  Zergling x16  
  168  11:45  Zergling x4  
  168  11:46  Roach x2  
  168  11:47  Roach x2  
  161  11:51  Queen  
  161  11:52  Zergling x10  
  161  11:53  Zergling x16  
  161  11:54  Zergling x6  
  155  11:57  Drone  
  155  11:58  Drone  
  155  11:59  Viper  
  149  12:08  Hydralisk x3  
  149  12:09  Hydralisk  
  149  12:11  Hydralisk  
  149  12:14  Hydralisk  
  149  12:15  Hydralisk x3  
  166  12:23  Hydralisk x4  
  166  12:25  Hydralisk  
  174  12:30  Extractor x2  
  174  12:34  Hydralisk x2  
  174  12:35  Hydralisk x3  
  186  12:40  Spore Crawler  
  186  12:41  Hydralisk  
  186  12:42  Spore Crawler, Hydralisk x3  
  186  12:43  Hydralisk  
  190  12:47  Hydralisk  
  179  12:53  Hydralisk  
  179  12:54  Hydralisk x5  
  179  12:58  Hydralisk  
  175  13:03  Hydralisk  
  175  13:04  Hydralisk  
  181  13:06  Hydralisk  
  178  13:19  Hydralisk x2  
  169  13:20  Hydralisk  
  169  13:26  Overlord x3  
  175  13:30  Overlord  
  173  13:37  Hydralisk Den  
  168  13:51  Overlord x2  
  168  13:57  Hatchery  
  167  14:15  Hatchery  
  166  14:20  Viper  
  169  14:30  Ravager x2  
  169  14:31  Ravager x5  
  176  14:32  Ravager  
  176  14:33  Ravager  
  176  14:34  Ravager  
  176  14:36  Baneling  
  176  14:37  Baneling  
  179  14:38  Baneling  
  179  14:41  Drone  
  180  14:48  Hydralisk  
  182  14:56  Hydralisk x2  
Show
View Real Time Build Order
Export as new Build Order

MarcoMan Protoss - Winner!

Build Orders: 1 Gate Expand, Carriers 

Get SALT Encoding   

  12  0:00  Probe  
  13  0:12  Probe  
  14  0:19  Pylon  
  14  0:24  Probe  
  15  0:37  Probe (Chrono Boost)  
  15  0:41  Gateway  
  16  0:49  Probe (Chrono Boost)  
  17  0:54  Assimilator  
  17  0:57  Probe (Chrono Boost)  
  18  1:08  Probe  
  19  1:20  Probe  
  20  1:28  Nexus  
  20  1:39  Cybernetics Core  
  20  1:41  Probe  
  21  1:52  Assimilator  
  21  1:53  Probe  
  22  1:58  Pylon  
  22  2:05  Probe  
  23  2:13  Adept (Chrono Boost)  
  23  2:17  Warp Gate  
  23  2:21  Probe  
  26  2:33  Probe, Adept (Chrono Boost)  
  29  2:42  Probe  
  30  2:46  Probe  
  30  2:50  Stargate  
  31  2:54  Probe  
  31  2:56  Adept  
  31  2:58  Probe  
  35  3:06  Probe  
  35  3:10  Probe  
  35  3:11  Gateway  
  37  3:18  Probe  
  38  3:22  Probe  
  39  3:30  Probe  
  40  3:34  Probe  
  41  3:42  Probe  
  41  3:46  Probe  
  43  3:55  Shield Battery  
  41  4:03  Probe x2, Oracle (Chrono Boost)  
  41  4:09  Adept  
  46  4:11  Pylon  
  46  4:18  Pylon  
  46  4:22  Nexus  
  46  4:23  Pylon  
  46  4:29  Probe x2  
  48  4:32  Void Ray (Chrono Boost)  
  48  4:35  Shield Battery  
  48  4:36  Adept x2  
  49  4:41  Probe x2  
  55  4:47  Pylon  
  55  4:49  Assimilator  
  55  4:51  Assimilator  
  55  4:53  Probe x2, Gateway  
  57  5:04  Adept x2  
  57  5:05  Probe x2  
  63  5:17  Probe x2  
  63  5:19  Void Ray  
  69  5:30  Probe, Pylon  
  69  5:32  Pylon  
  70  5:49  Zealot x2  
  74  5:51  Probe  
  74  5:55  Probe  
  70  6:02  Void Ray (Chrono Boost)  
  70  6:03  Probe  
  69  6:07  Probe  
  69  6:13  Nexus  
  69  6:14  Twilight Council  
  69  6:15  Pylon  
  69  6:17  Adept x2, Pylon  
  69  6:18  Probe (Chrono Boost)  
  74  6:19  Probe (Chrono Boost)  
  75  6:29  Probe (Chrono Boost)  
  75  6:31  Probe (Chrono Boost)  
  75  6:32  Stargate  
  77  6:34  Probe (Chrono Boost)  
  77  6:35  Void Ray  
  77  6:37  Forge  
  77  6:39  Probe  
  79  6:45  Probe  
  84  6:50  Shield Battery  
  84  6:51  Probe  
  84  6:52  Assimilator  
  84  6:53  Zealot  
  87  6:56  Assimilator  
  87  6:57  Probe  
  88  7:03  Probe  
  88  7:07  Protoss Air Weapons Level 1  
  89  7:08  Templar Archives  
  89  7:09  Probe  
  91  7:15  Probe  
  91  7:16  Photon Cannon  
  91  7:17  Photon Cannon  
  91  7:18  Shield Battery  
  91  7:20  Pylon  
  91  7:21  Void Ray x2  
  91  7:22  Probe  
  92  7:24  Photon Cannon, Psionic Storm  
  92  7:27  Probe  
  101  7:37  Probe  
  102  7:41  Photon Cannon  
  102  7:43  Shield Battery  
  102  7:46  Probe  
  103  7:51  Photon Cannon  
  103  7:53  Photon Cannon  
  103  7:56  Photon Cannon  
  103  7:58  Pylon  
  103  8:05  High Templar x2  
  107  8:20  High Templar  
  109  8:33  Void Ray (Chrono Boost)  
  109  8:34  Void Ray (Chrono Boost)  
  101  8:49  Shield Battery, Photon Cannon  
  101  8:51  Pylon  
  101  9:02  Photon Cannon  
  101  9:04  Void Ray (Chrono Boost), Photon Cannon  
  101  9:06  Shield Battery  
  101  9:08  Fleet Beacon  
  105  9:14  Void Ray (Chrono Boost), High Templar  
  111  9:25  Stargate  
  111  9:49  Nexus, Carrier (Chrono Boost)  
  111  9:51  Pylon  
  117  9:53  Pylon, Carrier (Chrono Boost)  
  123  10:00  Assimilator  
  123  10:02  Assimilator  
  123  10:05  Pylon  
  123  10:10  Robotics Facility  
  123  10:14  Photon Cannon  
  123  10:16  Photon Cannon  
  123  10:18  Gateway  
  123  10:19  Carrier (Chrono Boost)  
  123  10:21  Shield Battery  
  123  10:23  Photon Cannon  
  123  10:25  Photon Cannon  
  123  10:27  Shield Battery  
  129  10:31  Photon Cannon  
  129  10:33  Shield Battery  
  129  10:36  Carrier (Chrono Boost)  
  135  10:59  Carrier (Chrono Boost)  
  135  11:01  Protoss Air Weapons Level 2 (Chrono Boost)  
  135  11:02  Observer  
  142  11:10  High Templar  
  144  11:22  Carrier (Chrono Boost)  
  138  11:42  Probe  
  138  11:43  Probe  
  131  11:50  Probe  
  124  11:55  Probe  
  124  11:58  Probe  
  126  12:02  Probe  
  126  12:03  Nexus  
  126  12:04  Carrier x2  
  126  12:06  Pylon  
  126  12:07  Probe  
  126  12:08  Pylon  
  140  12:09  Pylon  
  140  12:10  Probe  
  141  12:19  Pylon  
  141  12:24  Probe x2, Carrier  
  141  12:26  Probe  
  147  12:32  Zealot  
  147  12:33  Zealot  
  142  12:57  Pylon  
  141  13:01  Pylon  
  141  13:09  Carrier (Chrono Boost)  
  143  13:23  Carrier (Chrono Boost)  
  148  13:33  High Templar x3  
  144  14:03  Carrier (Chrono Boost)  
  150  14:11  Zealot x2  
  150  14:15  Probe x3, Nexus  
  157  14:17  Pylon  
  157  14:18  Pylon  
  157  14:21  Observer  
  158  14:27  Probe x2  
  160  14:32  Dark Shrine  
  160  14:36  Probe  
  161  14:39  Probe x2  
  161  14:41  High Templar  
  161  14:42  High Templar  
  161  14:43  Observer  
  168  14:46  Archon  
  168  14:51  Photon Cannon  
  168  14:53  Photon Cannon  
Tags
 
Add a new tag
Caveats
  • Supply blocks, unpowered buildings, or Contaminate may cause inaccurate times.
  • Supply counts are checked every 10 seconds.